TOP OF THE 1ST |
Chicago (NYP) White Sox batting - Pitching for Lowell Spinners : RHP Ryuhei Shimabukuro
|
Pitching: RHP Ryuhei Shimabukuro
|
|
Batting: SHB Tomas Caldera
|
0-0: Ground out U3 (Groundball, 34S, EV 73.8 MPH)
|
Batting: RHB Bastiaan Leenders
|
0-0: Foul Ball, location: 2F 0-1: Ball 1-1: Called Strike 1-2: Ball 2-2: Ball 3-2: Base on Balls
|
Batting: SHB Veit Geisler
|
0-0: Called Strike Bastiaan Leenders steals 2nd base 0-1: Ball 1-1: Fly out, F9 (Line Drive, 89D, EV 100.0 MPH)
|
Batting: RHB Tony Garcia
|
0-0: Swinging Strike 0-1: Ground out 6-3 (Groundball, 6, EV 91.2 MPH)
|
Top of the 1st over - 0 runs, 0 hits, 0 errors, 1 left on base; Chicago (NYP) 0 - Lowell 0 |
BOTTOM OF THE 1ST |
Lowell Spinners batting - Pitching for Chicago (NYP) White Sox : RHP Ari Kuusinen
|
Pitching: RHP Ari Kuusinen
|
|
Batting: RHB Aukukero Tairi
|
0-0: Ball 1-0: Foul Ball, location: 2F 1-1: Swinging Strike 1-2: Strikes out swinging
|
Batting: RHB Rogelio Cervantes
|
0-0: Fly out, F8 (Flyball, 89D, EV 95.0 MPH)
|
Batting: RHB Xavier Joslin
|
0-0: Ball 1-0: Called Strike 1-1: Ground out 4-3 (Groundball, 4, EV 90.6 MPH)
|
Bottom of the 1st over - 0 runs, 0 hits, 0 errors, 0 left on base; Chicago (NYP) 0 - Lowell 0 |
TOP OF THE 2ND |
Chicago (NYP) White Sox batting - Pitching for Lowell Spinners : RHP Ryuhei Shimabukuro
|
Batting: SHB Andres Agudo
|
0-0: Ball 1-0: Ball 2-0: Ball 3-0: Base on Balls
|
Batting: LHB Daniel Lopez
|
0-0: Called Strike 0-1: Foul Ball, location: 2F 0-2: Ball 1-2: Ball 2-2: Strikes out swinging
|
Batting: SHB Manny Berrones
|
0-0: Fly out, F7 (Line Drive, 78M, EV 105.6 MPH)
|
Batting: RHB Eduardo Calderon
|
0-0: Called Strike Andres Agudo steals 2nd base 0-1: Ball 1-1: Ball 2-1: Swinging Strike 2-2: Foul Ball, location: 2F 2-2: Ball 3-2: Ground out U3 (Groundball, 3, EV 106.9 MPH)
|
Top of the 2nd over - 0 runs, 0 hits, 0 errors, 1 left on base; Chicago (NYP) 0 - Lowell 0 |
BOTTOM OF THE 2ND |
Lowell Spinners batting - Pitching for Chicago (NYP) White Sox : RHP Ari Kuusinen
|
Batting: RHB Tony Gallegos
|
0-0: Called Strike 0-1: Called Strike 0-2: Ball 1-2: Ground out 6-3 (Groundball, 6S, EV 71.2 MPH)
|
Batting: RHB Raul Sanchez
|
0-0: Swinging Strike 0-1: Ball 1-1: Ball 2-1: Fly out, F7 (Flyball, 78M, EV 84.4 MPH)
|
Batting: RHB Mario Arriero
|
0-0: Ball 1-0: Ball 2-0: SINGLE (Line Drive, 56D, EV 94.4 MPH)
|
Batting: RHB Willie Camacho
|
0-0: Called Strike 0-1: Ball 1-1: Foul Ball, location: 2F 1-2: DOUBLE (Groundball, 5L, EV 104.4 MPH) Mario Arriero to third Runner from 3rd tries for Home, SAFE, throw by LF to trailing runner, SAFE at third!
|
Batting: RHB Jose Molina
|
0-0: Called Strike 0-1: Foul Ball, location: 2F 0-2: Foul Ball, location: 2F 0-2: Ball 1-2: Foul Ball, location: 2F 1-2: Fly out, F9 (Line Drive, 9LM, EV 97.5 MPH)
|
Bottom of the 2nd over - 1 run, 2 hits, 0 errors, 1 left on base; Chicago (NYP) 0 - Lowell 1 |
TOP OF THE 3RD |
Chicago (NYP) White Sox batting - Pitching for Lowell Spinners : RHP Ryuhei Shimabukuro
|
Batting: SHB Noah Long
|
0-0: Called Strike 0-1: Foul Ball, location: 2F 0-2: Ball 1-2: Ball 2-2: Strikes out swinging
|
Batting: SHB Tomas Caldera
|
0-0: Ball 1-0: Foul Ball, location: 2F 1-1: Ball 2-1: Swinging Strike 2-2: Ball 3-2: Foul Ball, location: 2F 3-2: Foul Ball, location: 2F 3-2: Base on Balls
|
Batting: RHB Bastiaan Leenders
|
0-0: Hit by Pitch Tomas Caldera to second
|
Batting: SHB Veit Geisler
|
0-0: Called Strike 0-1: Swinging Strike 0-2: Ball 1-2: Ball 2-2: Foul Ball, location: 2F 2-2: Fielders Choice at 2nd, 2-4 (Groundball, 2L, EV 67.5 MPH) Tomas Caldera to third
|
Batting: RHB Tony Garcia
|
0-0: Called Strike 0-1: Ball 1-1: Foul Ball, location: 2F 1-2: Strikes out looking
|
Top of the 3rd over - 0 runs, 0 hits, 0 errors, 2 left on base; Chicago (NYP) 0 - Lowell 1 |
BOTTOM OF THE 3RD |
Lowell Spinners batting - Pitching for Chicago (NYP) White Sox : RHP Ari Kuusinen
|
Batting: LHB Robert Gonzalez
|
0-0: Ball 1-0: Ground out U3 (Groundball, 3L, EV 88.8 MPH)
|
Batting: RHB Aukukero Tairi
|
0-0: Ball 1-0: Fly out, F7 (Flyball, 78M, EV 81.2 MPH)
|
Batting: RHB Rogelio Cervantes
|
0-0: Called Strike 0-1: Foul Ball, location: 2F 0-2: Hit by Pitch
|
Batting: RHB Xavier Joslin
|
0-0: Called Strike Rogelio Cervantes steals 2nd base 0-1: Called Strike 0-2: Ball 1-2: Fly out, F2 (Popup, 2LF, EV 91.9 MPH)
|
Bottom of the 3rd over - 0 runs, 0 hits, 0 errors, 1 left on base; Chicago (NYP) 0 - Lowell 1 |
TOP OF THE 4TH |
Chicago (NYP) White Sox batting - Pitching for Lowell Spinners : RHP Ryuhei Shimabukuro
|
Batting: SHB Andres Agudo
|
0-0: Ball 1-0: Foul Ball, location: 2F 1-1: Called Strike 1-2: Strikes out swinging
|
Batting: LHB Daniel Lopez
|
0-0: Ball 1-0: Foul Ball, location: 2F 1-1: Swinging Strike 1-2: Fly out, F8 (Line Drive, 78M, EV 98.1 MPH)
|
Batting: SHB Manny Berrones
|
0-0: Called Strike 0-1: Ball 1-1: Ground out 4-3 (Groundball, 4, EV 83.8 MPH)
|
Top of the 4th over - 0 runs, 0 hits, 0 errors, 0 left on base; Chicago (NYP) 0 - Lowell 1 |
BOTTOM OF THE 4TH |
Lowell Spinners batting - Pitching for Chicago (NYP) White Sox : RHP Ari Kuusinen
|
Batting: RHB Tony Gallegos
|
0-0: Called Strike 0-1: Foul Ball, location: 2F 0-2: Ball 1-2: Ball 2-2: Ball 3-2: Base on Balls
|
Batting: RHB Raul Sanchez
|
0-0: Called Strike 0-1: Ball 1-1: Foul Ball, location: 2F 1-2: Fly out, F7 (Flyball, 7, EV 96.2 MPH)
|
Batting: RHB Mario Arriero
|
0-0: Foul Ball, location: 2F 0-1: Ball 1-1: Ball 2-1: Fly out, F9 (Flyball, 9LS, EV 88.8 MPH)
|
Batting: RHB Willie Camacho
|
0-0: Ball 1-0: Ground out 6-3 (Groundball, 6S, EV 86.2 MPH)
|
Bottom of the 4th over - 0 runs, 0 hits, 0 errors, 1 left on base; Chicago (NYP) 0 - Lowell 1 |
TOP OF THE 5TH |
Chicago (NYP) White Sox batting - Pitching for Lowell Spinners : RHP Ryuhei Shimabukuro
|
Batting: RHB Eduardo Calderon
|
0-0: Called Strike 0-1: Foul Ball, location: 2F 0-2: Ball 1-2: Ball 2-2: Foul Ball, location: 2F 2-2: Ball 3-2: SINGLE (Line Drive, 7S, EV 91.9 MPH)
|
Batting: SHB Noah Long
|
0-0: SINGLE (Groundball, 6MD, EV 103.8 MPH) Eduardo Calderon to second
|
Batting: SHB Tomas Caldera
|
0-0: Called Strike 0-1: Foul Ball, location: 2F 0-2: Foul Ball, location: 2F 0-2: Ball 1-2: Foul Ball, location: 2F 1-2: Foul Ball, location: 2F 1-2: Ball Passed Ball! Eduardo Calderon to third Noah Long to second 2-2: Strikes out swinging
|
Batting: RHB Bastiaan Leenders
|
0-0: Fly out, F9 (Line Drive, 4D, EV 70.6 MPH)
|
Batting: SHB Veit Geisler
|
0-0: Called Strike 0-1: Ball Wild Pitch! Eduardo Calderon scores Noah Long to third 1-1: Ball 2-1: Ground out 6-3 (Groundball, 4MS, EV 66.9 MPH)
|
Top of the 5th over - 1 run, 2 hits, 0 errors, 1 left on base; Chicago (NYP) 1 - Lowell 1 |
BOTTOM OF THE 5TH |
Lowell Spinners batting - Pitching for Chicago (NYP) White Sox : RHP Ari Kuusinen
|
Batting: RHB Jose Molina
|
0-0: Called Strike 0-1: Fly out, F7 (Flyball, 7, EV 83.8 MPH)
|
Batting: LHB Robert Gonzalez
|
0-0: Called Strike 0-1: Bunt missed! 0-2: Ball 1-2: Foul Ball, location: 2F 1-2: Ball 2-2: Ball 3-2: Ground out 4-3 (Groundball, 4, EV 90.0 MPH)
|
Batting: RHB Aukukero Tairi
|
0-0: Called Strike 0-1: Called Strike 0-2: Ball 1-2: Foul Ball, location: 2F 1-2: Ball 2-2: Foul Ball, location: 2F 2-2: Foul Ball, location: 2F 2-2: Foul Ball, location: 2F 2-2: SINGLE (Line Drive, 8RS, EV 102.5 MPH)
|
Batting: RHB Rogelio Cervantes
|
0-0: Foul Ball, location: 2F 0-1: Ball 1-1: Called Strike Aukukero Tairi is caught stealing 2nd base 2-4
|
Bottom of the 5th over - 0 runs, 1 hit, 0 errors, 0 left on base; Chicago (NYP) 1 - Lowell 1 |
TOP OF THE 6TH |
Chicago (NYP) White Sox batting - Pitching for Lowell Spinners : RHP Ryuhei Shimabukuro
|
Pitching: LHP Jose Andujar
|
|
Batting: RHB Tony Garcia
|
0-0: Called Strike 0-1: Swinging Strike 0-2: Ball 1-2: Ball 2-2: Ball 3-2: Strikes out looking
|
Batting: SHB Andres Agudo
|
0-0: Called Strike 0-1: Ball 1-1: Swinging Strike 1-2: Strikes out swinging
|
Batting: LHB Daniel Lopez
|
0-0: Ball 1-0: SOLO HOME RUN (Flyball, 9D, EV 97.5 MPH), Distance : 381 ft
|
Batting: SHB Manny Berrones
|
0-0: Ground out 5-3 (Groundball, 56, EV 79.4 MPH)
|
Top of the 6th over - 1 run, 1 hit, 0 errors, 0 left on base; Chicago (NYP) 2 - Lowell 1 |
BOTTOM OF THE 6TH |
Lowell Spinners batting - Pitching for Chicago (NYP) White Sox : RHP Ari Kuusinen
|
Batting: RHB Rogelio Cervantes
|
0-0: Foul Ball, location: 2F 0-1: Ball 1-1: Ground out 5-3 (Groundball, 56S, EV 83.8 MPH)
|
Batting: RHB Xavier Joslin
|
0-0: Called Strike 0-1: Swinging Strike 0-2: Ground out 4-3 (Groundball, 4, EV 105.6 MPH)
|
Batting: RHB Tony Gallegos
|
0-0: Ball 1-0: Foul Ball, location: 2F 1-1: Fly out, F8 (Flyball, 8RM, EV 88.8 MPH)
|
Bottom of the 6th over - 0 runs, 0 hits, 0 errors, 0 left on base; Chicago (NYP) 2 - Lowell 1 |
TOP OF THE 7TH |
Chicago (NYP) White Sox batting - Pitching for Lowell Spinners : LHP Jose Andujar
|
Batting: RHB Eduardo Calderon
|
0-0: Ball 1-0: Swinging Strike 1-1: Ball 2-1: Ball 3-1: Fly out, F7 (Flyball, 7S, EV 81.2 MPH)
|
Batting: SHB Noah Long
|
0-0: Called Strike 0-1: Ball 1-1: Ball 2-1: Foul Ball, location: 2F 2-2: Strikes out swinging
|
Batting: SHB Tomas Caldera
|
0-0: Called Strike 0-1: Foul Ball, location: 2F 0-2: Strikes out swinging
|
Top of the 7th over - 0 runs, 0 hits, 0 errors, 0 left on base; Chicago (NYP) 2 - Lowell 1 |
BOTTOM OF THE 7TH |
Lowell Spinners batting - Pitching for Chicago (NYP) White Sox : RHP Ari Kuusinen
|
Batting: RHB Raul Sanchez
|
0-0: Called Strike 0-1: Fly out, F7 (Line Drive, 7, EV 95.0 MPH)
|
Batting: RHB Mario Arriero
|
0-0: DOUBLE (Flyball, 89D, EV 110.6 MPH)
|
Pinch Hitting: SHB Salvador Padilla
|
0-0: Swinging Strike 0-1: Called Strike 0-2: Ball 1-2: Ball 2-2: Foul Ball, location: 2F 2-2: Ball 3-2: Base on Balls
|
Pinch Runner at 2nd Curt Stallings:
|
|
Pinch Hitting: LHB Nelis Geurts
|
0-0: Foul Ball, location: 2F 0-1: Ball 1-1: Ground out 3-1 (Groundball, 34S, EV 86.9 MPH) Curt Stallings to third Salvador Padilla to second
|
Pinch Hitting: RHB Guillermo Quintero
|
0-0: Called Strike 0-1: Foul Ball, location: 2F 0-2: Ball 1-2: Ball 2-2: Ball 3-2: Strikes out looking
|
Bottom of the 7th over - 0 runs, 1 hit, 0 errors, 2 left on base; Chicago (NYP) 2 - Lowell 1 |
TOP OF THE 8TH |
Chicago (NYP) White Sox batting - Pitching for Lowell Spinners : LHP Jose Andujar
|
Pitching: RHP Tyler Tomblin
|
|
Now at 2B: Danny Marquez
|
|
Now at 3B: Salvador Padilla
|
|
Now in LF: Guillermo Quintero
|
|
Now in RF: Curt Stallings
|
|
Batting: RHB Bastiaan Leenders
|
0-0: Ball 1-0: Ball 2-0: Ball 3-0: Called Strike 3-1: SOLO HOME RUN (Flyball, 7LD, EV 93.1 MPH), Distance : 344 ft
|
Batting: SHB Veit Geisler
|
0-0: Foul Ball, location: 2F 0-1: Ball 1-1: Ball 2-1: Ball 3-1: Swinging Strike 3-2: Strikes out swinging
|
Batting: RHB Tony Garcia
|
0-0: Ground out 5-3 (Groundball, 56S, EV 78.8 MPH)
|
Batting: SHB Andres Agudo
|
0-0: Ball 1-0: Ball 2-0: Foul Ball, location: 2F 2-1: Ground out 4-3 (Groundball, 34, EV 88.8 MPH)
|
Top of the 8th over - 1 run, 1 hit, 0 errors, 0 left on base; Chicago (NYP) 3 - Lowell 1 |
BOTTOM OF THE 8TH |
Lowell Spinners batting - Pitching for Chicago (NYP) White Sox : RHP Ari Kuusinen
|
Pitching: LHP Matt Schwartz
|
|
Batting: RHB Aukukero Tairi
|
0-0: Ball 1-0: Foul Ball, location: 2F 1-1: Ground out 4-3 (Groundball, 4S, EV 86.2 MPH)
|
Batting: RHB Rogelio Cervantes
|
0-0: Fly out, F9 (Flyball, 89S, EV 84.4 MPH)
|
Batting: RHB Xavier Joslin
|
0-0: Foul Ball, location: 2F 0-1: SINGLE (Groundball, 6MD, EV 100.6 MPH)
|
Batting: RHB Tony Gallegos
|
0-0: Ground out 4-3 (Groundball, 34, EV 92.5 MPH)
|
Bottom of the 8th over - 0 runs, 1 hit, 0 errors, 1 left on base; Chicago (NYP) 3 - Lowell 1 |
TOP OF THE 9TH |
Chicago (NYP) White Sox batting - Pitching for Lowell Spinners : RHP Tyler Tomblin
|
Batting: LHB Daniel Lopez
|
0-0: Called Strike 0-1: Ball 1-1: Called Strike 1-2: Foul Ball, location: 2F 1-2: Foul Ball, location: 2F 1-2: Ground out 1-3 (Groundball, P, EV 73.1 MPH)
|
Batting: SHB Manny Berrones
|
0-0: Called Strike 0-1: Ground out U3 (Groundball, 34S, EV 91.9 MPH)
|
Batting: RHB Eduardo Calderon
|
0-0: Foul Ball, location: 2F 0-1: Foul Ball, location: 2F 0-2: Strikes out swinging
|
Top of the 9th over - 0 runs, 0 hits, 0 errors, 0 left on base; Chicago (NYP) 3 - Lowell 1 |
BOTTOM OF THE 9TH |
Lowell Spinners batting - Pitching for Chicago (NYP) White Sox : LHP Matt Schwartz
|
Pitching: LHP Jonas Jennings
|
|
Batting: RHB Raul Sanchez
|
0-0: Ball 1-0: Ball 2-0: Ball 3-0: Called Strike 3-1: Foul Ball, location: 2F 3-2: Base on Balls
|
Batting: RHB Curt Stallings
|
0-0: Ball 1-0: Ball 2-0: Foul Ball, location: 2F 2-1: Fielders Choice at 2nd, 1-6 (Groundball, 13, EV 70.0 MPH)
|
Batting: SHB Salvador Padilla
|
0-0: SINGLE (Groundball, 34D, EV 94.4 MPH) Curt Stallings to second
|
Pinch Hitting: RHB Matt Parker
|
0-0: Ball 1-0: Fielders Choice at 2nd, 6-4 (Groundball, 6, EV 81.2 MPH) Curt Stallings to third
|
Batting: RHB Guillermo Quintero
|
0-0: Swinging Strike 0-1: Swinging Strike 0-2: 3-RUN HOME RUN (Flyball, 7D, EV 97.5 MPH), Distance : 380 ft
|
Bottom of the 9th over - 3 runs, 2 hits, 0 errors, 0 left on base; Chicago (NYP) 3 - Lowell 4 |
|